 Dungeon Crawl Stone Soup version 0.27.1-2-g3b301248ec (webtiles) character file.

Game seed: 13577530512661008345

312700 Rickety the Bludgeoner (level 21, -5/164 HPs)
             Began as a Gnoll Conjurer on Sept 29, 2021.
             Was the Champion of Vehumet.
             Killed from afar by a crystal guardian (49 damage)
             ... with a crystal bolt
             ... led by a peacekeeper
             ... on level 3 of the Vaults.
             The game lasted 04:14:09 (60369 turns).

Rickety the Bludgeoner (Gnoll Conjurer)            Turns: 60369, Time: 04:14:10

Health: -5/164     AC: 13    Str:  7    XL:     21   Next: 31%
Magic:  33/57      EV: 19    Int: 31    God:    Vehumet [******]
Gold:   944        SH: 10    Dex: 14    Spells: 9/49 levels left

rFire    + + .     SeeInvis .   a - staff of conjuration
rCold    . . .     Faith    .   L - +3 buckler {reflect}
rNeg     . . .     Spirit   .   Z - +2 robe {Archmagi}
rPois    +         Reflect  +   C - +0 helmet of Wu Jian's Condemnation {Int+5}
rElec    .         Harm     .   e - +0 cloak
rCorr    .         Rampage  .   n - +0 pair of gloves
Will     +....     Archmagi +   M - +2 pair of boots of Dim Light {+Inv Dex+2}
Stlth    +++++++...             y - amulet of magic regeneration
HPRegen  0.37/turn              i - ring "Xaoshai" {rPois rF++ MP+9 Stlth+}
MPRegen  0.60/turn              K - ring of magical power

@: studying Maces & Flails
A: fangs 1, strong nose, distributed training
}: 2/15 runes: serpentine, barnacled
a: Renounce Religion, Evoke Invisibility


You were on level 3 of the Vaults.
You worshipped Vehumet.
Vehumet was exalted by your worship.
You visited 9 branches of the dungeon, and saw 38 of its levels.
You also visited: Gauntlet.

You collected 4736 gold pieces.
You spent 3792 gold pieces at shops.

Inventory:

Hand Weapons
 b - a +2 antimagic short sword
Missiles
 c - 5 datura-tipped darts
 h - 13 atropa-tipped darts
 m - 11 throwing nets
 p - 90 poisoned darts
 E - 9 curare-tipped darts
Armour
 e - a +0 cloak (worn)
 n - a +0 pair of gloves (worn)
 u - a +2 leather armour of fire resistance
 z - a +1 buckler of fire resistance
 C - the +0 helmet of Wu Jian's Condemnation (worn) {Int+5}
   (You found it in a Gauntlet)

   Int:       It affects your intelligence (+5).
 L - a +3 buckler of reflection (worn)
 M - the +2 pair of boots of Dim Light (worn) {+Inv Dex+2}
   (You bought it in a shop on level 2 of the Snake Pit)

   Dex:       It affects your dexterity (+2).
   +Inv:      It lets you turn invisible.
 W - a +2 pair of boots of flying
 Z - a +2 robe of the Archmagi (worn)
Magical Staves
 a - a staff of conjuration (weapon)
Jewellery
 i - the ring "Xaoshai" (left hand) {rPois rF++ MP+9 Stlth+}
   (You bought it in a shop on level 2 of the Orcish Mines)

   [ring of poison resistance]

   rF:        It greatly protects you from fire.
   rPois:     It protects you from poison.
   MP:        It affects your magic capacity (+9).
   Stlth:     It makes you more stealthy.
 y - an amulet of magic regeneration (around neck)
 D - the ring of Tejalubu {rN+ Str+6}
   (You took it off a minotaur in a Gauntlet)

   [ring of positive energy]

   Str:       It affects your strength (+6).
   rN:        It protects you from negative energy.
 K - a ring of magical power (right hand)
 T - a ring of resist corrosion
 Y - a ring of see invisible
Wands
 d - a wand of flame (138)
 o - a wand of acid (14)
 t - a wand of mindburst (26)
 w - a wand of charming (21)
 H - a wand of paralysis (16)
 I - a wand of iceblast (44)
 N - a wand of polymorph (18)
 R - a wand of digging (4)
Scrolls
 j - 12 scrolls of teleportation
 k - 3 scrolls of magic mapping
 q - 11 scrolls of fog
 s - a scroll of enchant armour
 J - 2 scrolls of identify
 O - 3 scrolls of amnesia
 P - a scroll of blinking
 Q - a scroll of brand weapon
 X - 5 scrolls of fear
Potions
 f - 22 potions of curing
 g - 3 potions of ambrosia
 l - 3 potions of resistance
 r - 5 potions of haste
 v - 8 potions of brilliance
 x - a potion of berserk rage
 G - 4 potions of magic
 S - 6 potions of heal wounds
 U - 5 potions of invisibility
Miscellaneous
 A - a box of beasts
 B - a tin of tremorstones (2/2)
 F - a condenser vane
 V - a lightning rod (4/4)


   Skills:
 + Level 13.9 Fighting
 + Level 13.9 Short Blades
 + Level 13.9 Long Blades
 + Level 13.9 Axes
 + Level 15.7 Maces & Flails
 + Level 13.9 Polearms
 + Level 13.9 Staves
 + Level 13.9 Slings
 + Level 13.9 Bows
 + Level 13.9 Crossbows
 + Level 13.9 Throwing
 + Level 13.9 Armour
 + Level 14.5 Dodging
 + Level 14.4 Stealth
 + Level 13.9 Shields
 + Level 13.9 Unarmed Combat
 + Level 14.6 Spellcasting
 + Level 13.6 Conjurations
 + Level 12.0 Hexes
 + Level 12.0 Summonings
 + Level 12.0 Necromancy
 + Level 12.0 Translocations
 + Level 12.0 Transmutations
 + Level 12.0 Fire Magic
 + Level 12.0 Ice Magic
 + Level 12.0 Air Magic
 + Level 12.0 Earth Magic
 + Level 12.0 Poison Magic
 + Level 15.0 Invocations
 + Level 13.9 Evocations


You had 9 spell levels left.
You knew the following spells:

 Your Spells              Type           Power      Damage    Failure   Level
a - Magic Dart            Conj           100%       1d8       0%          1
k - Iskenderun's Mystic   Conj/Tloc      100%       2d19      1%          4
n - Fulminant Prism       Conj/Hex       62%        3d27      1%          4
q - Starburst             Conj/Fire      62%        6d16      1%          6
r - Searing Ray           Conj           100%       3d7       0%          2
s - Iron Shot             Conj/Erth      62%        9d12      1%          6
u - Summon Lightning Spi  Summ/Air       98%        N/A       1%          4
E - Cause Fear            Hex            49%        N/A       1%          4
M - Sublimation of Blood  Necr           49%        N/A       1%          2
P - Spellforged Servitor  Conj/Summ      62%        N/A       2%          7

Your spell library contained the following spells:

 Spells                   Type           Power      Damage    Failure   Level
 Ignition                 Fire           49%        3d14      24%         8
 Maxwell's Capacitive Co  Air            49%        ∞         24%         8
 Polar Vortex             Ice            49%        N/A       97%         9
 Apportation              Tloc           100%       N/A       0%          1
 Freeze                   Ice            100%       1d11      0%          1
 Sting                    Tmut/Pois      100%       1d8       0%          1
 Call Canine Familiar     Summ           98%        N/A       1%          3
 Dazzling Flash           Conj/Hex       100%       N/A       1%          3
 Frozen Ramparts          Ice            100%       1d12      1%          3
 Gell's Gravitas          Tloc           49%        N/A       1%          3
 Ignite Poison            Fire/Tmut/Pois 98%        N/A       1%          3
 Inner Flame              Hex/Fire       98%        N/A       1%          3
 Lesser Beckoning         Tloc           49%        N/A       1%          3
 Portal Projectile        Hex/Tloc       100%       N/A       1%          3
 Stone Arrow              Conj/Erth      100%       3d13      1%          3
 Teleport Other           Tloc           98%        N/A       1%          3
 Tukima's Dance           Hex            98%        N/A       1%          3
 Hailstorm                Conj/Ice       100%       3d20      1%          4
 Leda's Liquefaction      Hex/Erth       49%        N/A       1%          4
 Passage of Golubria      Tloc           N/A        N/A       1%          4
 Petrify                  Tmut/Erth      98%        N/A       1%          4
 Agony                    Necr           98%        N/A       1%          5
 Alistair's Intoxication  Tmut/Pois      65%        N/A       1%          5
 Blade Hands              Tmut           49%        N/A       1%          5
 Bolt of Magma            Conj/Fire/Erth 61%        4d24      1%          5
 Irradiate                Conj/Tmut      62%        3d34      1%          5
 Iskenderun's Battlesphe  Conj           100%       2d15      1%          5
 Silence                  Hex/Air        49%        N/A       1%          5
 Summon Forest            Summ/Tloc      49%        N/A       1%          5
 Summon Mana Viper        Hex/Summ       98%        N/A       1%          5
 Yara's Violent Unravell  Hex/Tmut       49%        3d19      1%          5
 Eringya's Noxious Bog    Tmut/Pois      49%        N/A       1%          6
 Invisibility             Hex            49%        N/A       2%          6
 Statue Form              Tmut/Erth      65%        N/A       2%          6
 Dragon Form              Tmut           49%        N/A       13%         7
 Monstrous Menagerie      Summ           49%        N/A       13%         7
 Summon Hydra             Summ           49%        N/A       13%         7
 Borgnjor's Revivificati  Necr           49%        N/A       69%         8
 Discord                  Hex            49%        N/A       69%         8
 Necromutation            Tmut/Necr      49%        N/A       69%         8
 Chain Lightning          Conj/Air       62%        3d82      92%         9
 Fire Storm               Conj/Fire      62%        8d16      92%         9
 Shatter                  Erth           49%        3d37*     97%         9
 Death's Door             Necr           49%        N/A       100%        9


Dungeon Overview and Level Annotations

Branches:
Dungeon (15/15)            Temple (1/1) D:6            Lair (6/6) D:10
 Shoals (4/4) Lair:3        Snake (4/4) Lair:2        Slime (1/5) Lair:5
    Orc (2/2) D:10            Elf (0/3) Orc:2        Vaults (4/5) D:13
  Crypt (1/3) Vaults:2     Depths (0/5) D:15        Gauntlet (visited)

Altars:
Ashenzari
Cheibriados
Dithmenos
Elyvilon
Fedhas
Gozag
Hepliaklqana
Kikubaaqudgha
Makhleb
Nemelex Xobeh
Okawaru
Qazlal
Ru
Sif Muna
Trog
Uskayaw
Vehumet
Wu Jian
Xom
Yredelemnul
Zin
The Shining One
Beogh

Shops:
D:1 !   D:8 (   Orc:2 :(**=   Snake:1 *[   Snake:2 [   Snake:3 *   Vaults:1 [
Vaults:3 !!(

Portals:
Pandemonium: Orc:2

Annotations:
Shoals:1 3 runed translucent doors
Snake:1 1 runed translucent door, rogsnak's ghost, journeyman NaWz


Innate Abilities, Weirdness & Mutations

You have very sharp teeth.
Your uncanny sense of smell can sniff out nearby items.
Your experience applies equally to all skills.


Message History

The mystic blast hits the crystal guardian!
The crystal guardian is lightly damaged.
The crystal guardian is knocked back by the mystic blast.
The crystal guardian slams into the metal wall!
The mystic blast hits the crystal guardian but does no damage.
The yaktaur shoots a bolt.
The bolt hits you!!
Unknown command.
Aiming: Iron Shot (mildly dangerous; 1% risk of failure)
Press: ? - help, Q - select action, (/) - cycle Shift-Dir - straight line, f - yaktaur
Aim: a yaktaur, wielding a +0 arbalest and quivering bolts (moderately wounded, 96% to hit)
You feel a strong surge of power!
The iron shot hits the yaktaur!!!
You kill the yaktaur!
Vehumet accepts your kill.
You feel your power returning.
The crystal guardian fires a crystalline bolt at you.
The crystal bolt freezes you!!
The crystal guardian fires a crystalline bolt at you.
The crystal bolt burns you! You resist.
Things that are here:
a +0 long sword of venom; a +1 plate armour of poison resistance The crystal guardian fires a crystalline bolt at you.
The crystal bolt freezes you!!
* * * LOW HITPOINT WARNING * * *
Casting: Iron Shot (mildly dangerous; 1% risk of failure)
Confirm with . or Enter, or press ? or * to list all spells.
You feel a strong surge of power!
You summon a servant imbued with your destructive magic!
What are your orders? t - Bark!
Orders for allies: a - Attack new target. r - Retreat! s - Stop attacking. g - Guard the area. f - Follow me.
Anything else - Cancel.
Gang up on whom?
Press: ? - help, Dir - move target, f - crystal guardian
Aim: a crystal guardian (ally target) Attack!
The crystal guardian fires a crystalline bolt at you.
The crystal bolt freezes you!!!
You die...

.########..#
#............#
.########..#
#########'####
.##....##..# #......
.#......#..# #.####.
.#......#..#############
#....#.
....##.....+..##).8....#
#.#..#.
############...##......#
#.#.... #....##.....#
#.####. ##...@##....#
#...... ##.).)##..#
####### ##.8.8..##
##....## ##..## ...## #
# ## ...## # . .## .....
# .. ...# ..##. #


You could see a crystal guardian (ally target) and a friendly spellforged
servitor (summoned).

Vanquished Creatures
  Saint Roka (Snake:2)
  Vashnia (Snake:2)
  Asterion (Snake:4)
  A sphinx (Vaults:2)
  Kirke (Lair:4)
  Polyphemus (Shoals:2)
  A storm dragon (Vaults:2)
  Roxanne (Shoals:3)
  A frost giant (Shoals:4)
  5 nagarajas
  3 orc warlords
  4 vault wardens
  Louise (Snake:1)
  6 ironbound preservers
  3 stone giants
  2 very ugly things (Vaults:2)
  Nessos (D:13)
  An entropy weaver (Vaults:1)
  A minotaur (Gauntlet)
  8 dire elephants
  6 merfolk javelineers
  Snorg (Lair:3)
  7 merfolk impalers
  2 yaktaur captains
  10 naga warriors
  An ironbound thunderhulk (Vaults:3)
  A great orb of eyes (Vaults:3)
  3 salamander tyrants (Snake:4)
  20 vault guards
  A peacekeeper (Vaults:3)
  Harold (D:8)
  An ogre mage (D:15)
  3 boulder beetles
  Erica (D:8)
  20 centaur warriors
  5 ironbound frosthearts
  2 catoblepae
  7 two-headed ogres
  8 merfolk aquamancers
  12 anacondas
  An alligator snapping turtle (Shoals:3)
  5 hydras
  A death knight (D:14)
  4 merfolk avatars
  The ghost of greenlake the Protected, a novice DsFi of Okawaru (D:9)
  2 satyrs
  4 death yaks
  2 death scarabs (Gauntlet)
  11 naga sharpshooters
  6 ironbound beastmasters
  6 shock serpents
  6 orc high priests
  Nergalle (Orc:1)
  Sonja (D:13)
  12 sea snakes
  8 salamander mystics
  A sixfirhy (Orc:2)
  4 skeletal warriors (D:14)
  A spectral anaconda (Lair:6)
  14 naga ritualists
  An obsidian statue (Lair:6)
  19 deep trolls
  12 lindwurms
  2 infernal demonspawn (Orc:2)
  Pikel (D:4)
  A glowing orange brain (Gauntlet)
  2 spectral hydras (Gauntlet)
  4 wizards
  19 harpies
  9 ironbound convokers
  8 orc sorcerers
  7 fauns
  18 orc knights
  5 oklob plants (Lair:6)
  5 necromancers
  10 mana vipers
  18 salamanders
  4 cyclopes
  15 ugly things
  15 manticores
  7 water nymphs
  13 merfolk sirens
  11 elephants (Lair:6)
  9 vault sentinels
  A dire elephant zombie (Lair:6)
  A guardian serpent (shapeshifter) (Vaults:2)
  33 black mambas
  A rust devil (Orc:2)
  An orange demon (Orc:2)
  3 gargoyles
  10 cane toads
  14 naga magi
  6 guardian serpents
  5 komodo dragons
  A dire elephant skeleton (Lair:6)
  A rime drake (Lair:4)
  A yaktaur (shapeshifter) (D:15)
  5 yaktaurs
  A tengu conjurer (D:11)
  A kobold demonologist (D:11)
  24 merfolk
  6 meliai (D:15)
  A meliai (shapeshifter) (D:14)
  7 wind drakes
  A jumping spider (Vaults:1)
  2 polar bears
  6 trolls
  28 blink frogs
  A hornet (D:9)
  17 slime creatures
  8 snapping turtles
  9 dream sheep
  A shadow (D:10)
  47 yaks
  6 water elementals
  3 wraiths
  5 wyverns
  Eustachio (D:4)
  A tarantella (shapeshifter) (Vaults:1)
  Grum (D:9)
  4 basilisks
  3 hogs
  2 steam dragons
  4 death yak simulacra (Lair:6)
  2 chaos spawn (Orc:2)
  A neqoxec (Orc:2)
  2 vampire mosquitoes (D:14)
  6 wargs
  Menkaure (D:4)
  43 nagas
  An acid dragon (D:14)
  6 water moccasins
  A hornet zombie (D:7)
  41 orc warriors
  A necrophage (D:4)
  5 boggarts (Vaults:2)
  An elephant zombie (Lair:6)
  10 centaurs
  6 ogres
  11 wolves
  2 elephant skeletons (Lair:6)
  A lemure (D:4)
  6 kobold brigands
  10 bullfrogs
  A gnoll sergeant (D:8)
  2 cane toad simulacra (Lair:6)
  A glowing shapeshifter simulacrum (Vaults:2)
  3 scorpions
  An elephant simulacrum (Lair:6)
  11 killer bees
  3 howler monkeys
  3 wights (D:8)
  An electric eel (D:14)
  6 hounds
  15 jellies
  29 orc priests
  2 bullfrog skeletons (D:5)
  6 iguanas
  A scorpion zombie (D:5)
  12 orc wizards
  A killer bee zombie (D:8)
  2 hound skeletons (D:4)
  2 howler monkey zombies
  10 gnolls
  4 adders
  A white imp (D:8)
  3 ufetubi
  2 worms
  A dart slug (D:1)
  66 orcs
  6 ball pythons
  4 bats
  3 endoplasms
  4 giant cockroaches
  7 hobgoblins
  5 jackals
  26 kobolds
  5 quokkas
  5 frilled lizards
  8 goblins
  5 rats
  14 fulminant prisms
1173 creatures vanquished.

Vanquished Creatures (collateral kills)
  Ilsuiw (Shoals:2)
  Donald (Shoals:3)
  A vault warden (Vaults:2)
  3 very ugly things (Vaults:2)
  2 ironbound preservers
  A yaktaur captain (Vaults:2)
  3 vault guards (Vaults:2)
  An ironbound thunderhulk (Vaults:1)
  A merfolk avatar (Shoals:3)
  A centaur warrior (Vaults:1)
  2 naga warriors (Snake:4)
  2 salamander tyrants (Snake:4)
  An ironbound frostheart (Vaults:2)
  A death yak (Shoals:2)
  2 ironbound beastmasters (Vaults:1)
  A satyr (Shoals:2)
  4 naga sharpshooters
  3 shock serpents
  A salamander mystic (Snake:2)
  A glowing orange brain (Vaults:1)
  6 deep trolls
  4 orc knights (Vaults:3)
  A harpy (Vaults:2)
  2 mana vipers
  2 ugly things (Vaults:2)
  A cyclops (Shoals:1)
  3 fauns
  6 salamanders (Snake:4)
  A manticore (Shoals:2)
  2 merfolk sirens (Shoals:2)
  A black mamba (Snake:4)
  A wind drake (Shoals:3)
  2 merfolk (Shoals:4)
  4 slime creatures
  A blink frog (Lair:4)
  A snapping turtle (Shoals:3)
  A water elemental (Shoals:1)
  4 nagas
  2 orc warriors (Vaults:3)
  6 orc priests (Vaults:3)
  An orc (Snake:2)
85 creatures vanquished.

Vanquished Creatures (others)
  A water moccasin (Lair:6)
  An orc warrior (D:7)
  A gnoll sergeant (D:7)
  An orc (D:7)
  4 bushes (Lair:6)
  645 fulminant prisms
  45 fungi
  87 plants
  39 withered plants (Lair:6)
824 creatures vanquished.

Grand Total: 2082 creatures vanquished

Notes
Turn   | Place    | Note
-------+----------+-------------------------------------------
     0 | D:1      | Rickety the Gnoll Conjurer began the quest for the Orb.
     0 | D:1      | Reached XP level 1. HP: 13/13 MP: 6/6
   148 | D:1      | Reached XP level 2. HP: 19/19 MP: 2/7
   151 | D:1      | Learned a level 2 spell: Searing Ray
   340 | D:1      | Found Idghousa's Distillery.
   610 | D:1      | Reached XP level 3. HP: 25/25 MP: 6/9
   739 | D:1      | Reached skill level 5 in Spellcasting
  1084 | D:2      | Reached skill level 1 in Invocations
  1264 | D:2      | Found a faded altar of an unknown god.
  1329 | D:2      | Reached skill level 1 in Fighting
  1329 | D:2      | Reached skill level 1 in Short Blades
  1329 | D:2      | Reached skill level 1 in Long Blades
  1329 | D:2      | Reached skill level 1 in Axes
  1329 | D:2      | Reached skill level 1 in Maces & Flails
  1329 | D:2      | Reached skill level 1 in Polearms
  1329 | D:2      | Reached skill level 1 in Staves
  1329 | D:2      | Reached skill level 1 in Slings
  1329 | D:2      | Reached skill level 1 in Bows
  1329 | D:2      | Reached skill level 1 in Crossbows
  1329 | D:2      | Reached skill level 1 in Throwing
  1329 | D:2      | Reached skill level 1 in Armour
  1329 | D:2      | Reached skill level 1 in Shields
  1329 | D:2      | Reached skill level 1 in Unarmed Combat
  1329 | D:2      | Reached skill level 1 in Evocations
  1838 | D:3      | Reached XP level 4. HP: 32/32 MP: 6/11
  1939 | D:3      | Found an iron altar of Okawaru.
  2011 | D:3      | Found a white marble altar of Elyvilon.
  3113 | D:4      | Noticed Menkaure
  3118 | D:4      | Killed Menkaure
  3119 | D:4      | Reached skill level 1 in Hexes
  3119 | D:4      | Reached skill level 1 in Summonings
  3119 | D:4      | Reached skill level 1 in Necromancy
  3119 | D:4      | Reached skill level 1 in Translocations
  3119 | D:4      | Reached skill level 1 in Transmutations
  3119 | D:4      | Reached skill level 1 in Fire Magic
  3119 | D:4      | Reached skill level 1 in Ice Magic
  3119 | D:4      | Reached skill level 1 in Air Magic
  3119 | D:4      | Reached skill level 1 in Earth Magic
  3119 | D:4      | Reached skill level 1 in Poison Magic
  3119 | D:4      | Reached XP level 5. HP: 34/38 MP: 6/12
  3264 | D:4      | Found a hide-covered altar of Uskayaw.
  3356 | D:4      | Reached XP level 6. HP: 44/44 MP: 8/13
  3554 | D:4      | Found a broken altar of Ashenzari.
  3608 | D:4      | Noticed Eustachio
  3618 | D:4      | Killed Eustachio
  3619 | D:4      | Reached skill level 5 in Dodging
  3861 | D:4      | Noticed Pikel
  3867 | D:4      | Killed Pikel
  3868 | D:4      | Reached skill level 5 in Stealth
  3868 | D:4      | Reached XP level 7. HP: 45/51 MP: 9/15
  3868 | D:4      | Reached XP level 8. HP: 50/57 MP: 9/16
  4102 | D:4      | Found an ancient bone altar of Kikubaaqudgha.
  4382 | D:5      | Entered Level 5 of the Dungeon
  4809 | D:5      | Found a burning altar of Makhleb.
  5288 | D:6      | Found a staircase to the Ecumenical Temple.
  5298 | Temple   | Entered the Ecumenical Temple
  5621 | D:6      | Reached XP level 9. HP: 65/65 MP: 14/18
  5914 | D:6      | Found a radiant altar of Vehumet.
  5919 | D:6      | Became a worshipper of Vehumet
  6109 | D:7      | Found a shimmering altar of Xom.
  6862 | D:7      | Reached * piety under Vehumet
  6862 | D:7      | Offered knowledge of Foxfire by Vehumet.
  7103 | D:7      | Reached skill level 5 in Invocations
  7381 | D:7      | Found a sacrificial altar of Ru.
  7555 | D:8      | Noticed Erica
  7569 | D:8      | Killed Erica
  7570 | D:8      | Reached skill level 5 in Fighting
  7570 | D:8      | Reached skill level 5 in Short Blades
  7570 | D:8      | Reached skill level 5 in Long Blades
  7570 | D:8      | Reached skill level 5 in Axes
  7570 | D:8      | Reached skill level 5 in Maces & Flails
  7570 | D:8      | Reached skill level 5 in Polearms
  7570 | D:8      | Reached skill level 5 in Staves
  7570 | D:8      | Reached skill level 5 in Slings
  7570 | D:8      | Reached skill level 5 in Bows
  7570 | D:8      | Reached skill level 5 in Crossbows
  7570 | D:8      | Reached skill level 5 in Throwing
  7570 | D:8      | Reached skill level 5 in Armour
  7570 | D:8      | Reached skill level 5 in Shields
  7570 | D:8      | Reached skill level 5 in Unarmed Combat
  7570 | D:8      | Reached skill level 5 in Evocations
  7570 | D:8      | Reached XP level 10. HP: 12/74 MP: 15/20
  7853 | D:8      | Found Duso Hyo's Antique Weapon Emporium.
  7970 | D:8      | Found a shadowy altar of Dithmenos.
  8286 | D:8      | Noticed Harold
  8302 | D:8      | Killed Harold
  8308 | D:8      | Learned a level 4 spell: Fulminant Prism
  8313 | D:8      | Learned a level 4 spell: Iskenderun's Mystic Blast
  9080 | D:9      | Noticed a two-headed ogre
  9089 | D:9      | Killed a two-headed ogre
  9095 | D:9      | Reached ** piety under Vehumet
  9176 | D:9      | Offered knowledge of Sandblast by Vehumet.
  9286 | D:9      | Found a runed translucent door.
  9286 | D:9      | Noticed greenlake's ghost (novice DsFi)
  9349 | D:9      | Found a shimmering blue altar of Sif Muna.
  9493 | D:9      | Reached XP level 11. HP: 50/81 MP: 6/22
  9798 | D:9      | Noticed Grum
  9806 | D:9      | Reached skill level 5 in Hexes
  9806 | D:9      | Reached skill level 5 in Summonings
  9806 | D:9      | Reached skill level 5 in Necromancy
  9806 | D:9      | Reached skill level 5 in Translocations
  9806 | D:9      | Reached skill level 5 in Transmutations
  9806 | D:9      | Reached skill level 5 in Fire Magic
  9806 | D:9      | Reached skill level 5 in Ice Magic
  9806 | D:9      | Reached skill level 5 in Air Magic
  9806 | D:9      | Reached skill level 5 in Earth Magic
  9806 | D:9      | Reached skill level 5 in Poison Magic
  9808 | D:9      | Killed Grum
  9916 | D:9      | Found an ornate altar of the Wu Jian Council.
 10286 | D:10     | Entered Level 10 of the Dungeon
 10291 | D:10     | Offered knowledge of Inner Flame by Vehumet.
 10600 | D:1      | Bought a potion of curing for 39 gold pieces
 10600 | D:1      | Bought 2 potions of curing for 78 gold pieces
 10600 | D:1      | Bought a potion of heal wounds for 65 gold pieces
 10600 | D:1      | Bought a potion of heal wounds for 65 gold pieces
 10600 | D:1      | Bought a potion of flight for 39 gold pieces
 10600 | D:1      | Bought a potion of attraction for 39 gold pieces
 10861 | D:10     | Reached *** piety under Vehumet
 10874 | D:10     | Noticed a two-headed ogre
 10880 | D:10     | Killed a two-headed ogre
 10921 | D:10     | Found a staircase to the Lair.
 11292 | D:10     | Offered knowledge of Hailstorm by Vehumet.
 11564 | D:10     | Found a staircase to the Orcish Mines.
 12053 | Lair:1   | Entered Level 1 of the Lair of Beasts
 12377 | Lair:1   | You fall into a shaft and drop 1 floor!
 13360 | Lair:2   | Reached XP level 12. HP: 89/89 MP: 19/24
 13393 | Lair:2   | Reached **** piety under Vehumet
 13723 | Lair:2   | Offered knowledge of Mephitic Cloud by Vehumet.
 13861 | Lair:2   | Found a staircase to the Snake Pit.
 14819 | Lair:3   | Noticed Snorg
 15136 | Lair:3   | Found a staircase to the Shoals.
 15227 | Lair:3   | Killed Snorg
 15594 | Lair:3   | You fall into a shaft and drop 3 floors!
 15594 | Lair:6   | Entered Level 6 of the Lair of Beasts
 15609 | Lair:6   | Reached ***** piety under Vehumet
 15609 | Lair:6   | Offered knowledge of Lightning Bolt by Vehumet.
 15615 | Lair:6   | Reached XP level 13. HP: 92/98 MP: 20/26
 16908 | Lair:4   | Noticed Kirke
 16946 | Lair:4   | Noticed a sphinx
 17224 | Lair:4   | Found a glowing golden altar of the Shining One.
 17994 | Lair:4   | Killed Kirke
 17995 | Lair:4   | Reached skill level 10 in Conjurations
 18726 | Lair:5   | Found a staircase to the Slime Pits.
 19198 | Slime:1  | Entered Level 1 of the Pits of Slime
 19408 | Lair:6   | Noticed a dire elephant
 19722 | Lair:6   | Reached skill level 10 in Spellcasting
 20378 | Lair:6   | Noticed a dire elephant
 20378 | Lair:6   | Noticed a dire elephant
 21010 | Lair:6   | Reached XP level 14. HP: 106/106 MP: 17/28
 21046 | Lair:6   | Reached skill level 10 in Dodging
 21048 | Lair:6   | Killed a dire elephant
 21057 | Lair:6   | Killed a dire elephant
 21227 | Lair:6   | Killed a dire elephant
 21379 | Lair:6   | Reached skill level 10 in Stealth
 21496 | Lair:6   | Reached skill level 10 in Invocations
 22259 | D:1      | Bought a potion of haste for 130 gold pieces
 22259 | D:1      | Bought a potion of cancellation for 104 gold pieces
 22526 | Orc:1    | Entered Level 1 of the Orcish Mines
 22789 | Orc:2    | Entered Level 2 of the Orcish Mines
 22973 | Orc:2    | Found Hupibouh's Jewellery Emporium.
 23076 | Orc:2    | Found a staircase to the Elven Halls.
 23283 | Orc:1    | Noticed Nergalle
 23292 | Orc:1    | Killed Nergalle
 23691 | Orc:2    | Offered knowledge of Yara's Violent Unravelling by Vehumet.
 24425 | Orc:2    | Found Muost's General Store.
 24437 | Orc:2    | Found Ciddid's General Store.
 24505 | Orc:2    | Bought a potion of heal wounds for 70 gold pieces
 24809 | Orc:2    | Reached XP level 15. HP: 82/115 MP: 25/29
 24964 | Orc:2    | Paralysed by an orc sorcerer for 5 turns
 25284 | Orc:2    | Found Panlicw's Book Emporium.
 25284 | Orc:2    | Found Epiurch's Antique Weapon Shoppe.
 25292 | Orc:2    | Found a one-way gate leading to the halls of Pandemonium.
 26073 | D:11     | Learned a level 2 spell: Sublimation of Blood
 26079 | D:11     | Found a glowing silver altar of Zin.
 26362 | D:12     | Found a gate leading to a gauntlet.
 26372 | Gauntlet | Entered a Gauntlet
 26372 | Gauntlet | Found a transporter.
 26372 | Gauntlet | Found a transporter.
 26378 | Gauntlet | Found a transporter.
 26390 | Gauntlet | Found a transporter.
 26408 | Gauntlet | Found a transporter.
 26408 | Gauntlet | Found a transporter.
 26410 | Gauntlet | Found a transporter.
 26410 | Gauntlet | Found a transporter.
 26411 | Gauntlet | Found a transporter.
 26422 | Gauntlet | Found a transporter.
 26438 | Gauntlet | Found a transporter.
 26448 | Gauntlet | Found a transporter.
 26466 | Gauntlet | Found a transporter.
 26482 | Gauntlet | Found a transporter.
 26655 | Gauntlet | Reached skill level 10 in Fighting
 26655 | Gauntlet | Reached skill level 10 in Short Blades
 26655 | Gauntlet | Reached skill level 10 in Long Blades
 26655 | Gauntlet | Reached skill level 10 in Axes
 26655 | Gauntlet | Reached skill level 10 in Maces & Flails
 26655 | Gauntlet | Reached skill level 10 in Polearms
 26655 | Gauntlet | Reached skill level 10 in Staves
 26655 | Gauntlet | Reached skill level 10 in Slings
 26655 | Gauntlet | Reached skill level 10 in Bows
 26655 | Gauntlet | Reached skill level 10 in Crossbows
 26655 | Gauntlet | Reached skill level 10 in Throwing
 26655 | Gauntlet | Reached skill level 10 in Armour
 26655 | Gauntlet | Reached skill level 10 in Shields
 26655 | Gauntlet | Reached skill level 10 in Unarmed Combat
 26655 | Gauntlet | Reached skill level 10 in Evocations
 26963 | Gauntlet | Identified the +0 helmet of Wu Jian's Condemnation {Int+5}
 26982 | Gauntlet | Identified the ring of Tejalubu {rN+ Str+6}
 27059 | Gauntlet | Identified the +2 hat "Xenyux" {rPois rF- Dex+3 Stlth+}
 28265 | D:13     | Offered knowledge of Starburst by Vehumet.
 28301 | D:13     | Noticed Nessos
 28918 | D:13     | Noticed Sonja
 28926 | D:13     | Killed Sonja
 29278 | D:13     | Killed Nessos
 29934 | D:13     | Found a gate to the Vaults.
 30124 | D:14     | Found a radiant altar of Vehumet.
 30499 | D:14     | Reached XP level 16. HP: 123/123 MP: 11/31
 32082 | D:14     | Learned a level 6 spell: Starburst
 32109 | D:15     | Entered Level 15 of the Dungeon
 32496 | D:15     | Paralysed by an ogre mage for 3 turns
 32692 | D:15     | Found a staircase to the Depths.
 33029 | D:15     | Found a blossoming altar of Fedhas.
 33096 | D:15     | Learned a level 4 spell: Cause Fear
 33535 | Orc:2    | Bought the ring "Xaoshai" {rPois rF++ MP+9 Stlth+} for 926
                  | gold pieces
 33574 | Orc:2    | Bought a scroll of fear for 49 gold pieces
 33574 | Orc:2    | Bought a scroll of fog for 28 gold pieces
 33661 | Orc:2    | Bought a book of Power for 546 gold pieces
 33668 | Orc:2    | Learned a level 6 spell: Iron Shot
 33829 | Snake:1  | Entered Level 1 of the Snake Pit
 34562 | Snake:1  | Offered knowledge of Conjure Ball Lightning by Vehumet.
 34820 | Snake:1  | Noticed a nagaraja
 35202 | Snake:1  | Killed a nagaraja
 35262 | Snake:1  | Learned a level 7 spell: Spellforged Servitor
 35313 | Snake:1  | Found Mak Xuivueri's Gadget Gallery.
 35532 | Snake:1  | Found Zuiter's Antique Armour Boutique.
 35766 | Snake:1  | Found a runed translucent door.
 35766 | Snake:1  | Noticed rogsnak's ghost (journeyman NaWz)
 35789 | Snake:1  | Noticed Louise
 35825 | Snake:1  | Killed Louise
 36341 | Snake:2  | Noticed Saint Roka
 36667 | Snake:2  | Reached XP level 17. HP: 105/131 MP: 33/33
 36679 | Snake:2  | Noticed Vashnia
 37343 | Snake:2  | Killed Saint Roka
 38012 | Snake:2  | Killed Vashnia
 38518 | Snake:2  | Found Ybbuif's Armour Emporium.
 39838 | Snake:3  | Found Jijaraxaess's Assorted Antiques.
 40024 | Snake:3  | Offered knowledge of Ozocubu's Refrigeration by Vehumet.
 40494 | Snake:3  | Reached skill level 10 in Hexes
 40494 | Snake:3  | Reached skill level 10 in Summonings
 40494 | Snake:3  | Reached skill level 10 in Necromancy
 40494 | Snake:3  | Reached skill level 10 in Translocations
 40494 | Snake:3  | Reached skill level 10 in Transmutations
 40494 | Snake:3  | Reached skill level 10 in Fire Magic
 40494 | Snake:3  | Reached skill level 10 in Ice Magic
 40494 | Snake:3  | Reached skill level 10 in Air Magic
 40494 | Snake:3  | Reached skill level 10 in Earth Magic
 40494 | Snake:3  | Reached skill level 10 in Poison Magic
 40820 | Lair:1   | Identified a scroll of acquirement
 41056 | Snake:4  | Entered Level 4 of the Snake Pit
 41645 | Snake:4  | Noticed Asterion
 41653 | Snake:4  | Killed Asterion
 41853 | Snake:4  | Reached XP level 18. HP: 117/140 MP: 21/34
 42694 | Snake:4  | Offered knowledge of Fireball by Vehumet.
 44361 | Snake:4  | Got a serpentine rune of Zot
 44759 | Lair:1   | Acquired 992 gold pieces
 44826 | Snake:1  | Bought a pair of glowing boots for 172 gold pieces
 44826 | Snake:1  | Bought a pair of distressingly furry boots for 218 gold
                  | pieces
 44826 | Snake:1  | Identified the +0 pair of boots of Midwinter {Harm} (You
                  | bought it in a shop on level 1 of the Snake Pit)
 44886 | Snake:2  | Bought the +2 pair of boots of Dim Light {+Inv Dex+2} for
                  | 588 gold pieces
 44925 | Snake:3  | Bought a scroll of identify for 76 gold pieces
 44925 | Snake:3  | Bought a scroll of identify for 76 gold pieces
 45089 | Shoals:1 | Entered Level 1 of the Shoals
 45211 | Shoals:1 | Found a runed translucent gate.
 45212 | Shoals:1 | Found a runed translucent gate.
 45213 | Shoals:1 | Found a runed translucent gate.
 45987 | Shoals:1 | Offered knowledge of Lehudib's Crystal Spear by Vehumet.
 46963 | Shoals:2 | Noticed Polyphemus
 46968 | Shoals:2 | Killed Polyphemus
 47131 | Shoals:2 | Reached XP level 19. HP: 147/147 MP: 19/36
 48209 | Shoals:3 | Noticed Roxanne
 48226 | Shoals:3 | Killed Roxanne
 48397 | Shoals:3 | Noticed Donald
 48410 | Shoals:3 | Killed Donald
 48413 | Shoals:3 | Acquired a +2 pair of boots of flying
 48623 | Shoals:3 | Identified the +3 rapier of Sogai {vorpal, +Rage rF+}
 49233 | Shoals:4 | Entered Level 4 of the Shoals
 51686 | Shoals:2 | Noticed Ilsuiw
 51690 | Shoals:2 | Killed Ilsuiw
 52715 | Shoals:4 | Got a barnacled rune of Zot
 52870 | Shoals:4 | Got the Almanac of Slavery and Poison
 52876 | Shoals:4 | Learned a level 4 spell: Summon Lightning Spire
 53504 | D:9      | Killed greenlake's ghost
 53661 | Vaults:1 | Entered Level 1 of the Vaults
 54775 | Vaults:1 | Found Apeum's Antique Armour Emporium.
 55005 | Vaults:1 | Reached XP level 20. HP: 156/156 MP: 37/37
 55016 | Vaults:1 | Reached ****** piety under Vehumet
 55440 | Vaults:1 | Offered knowledge of Polar Vortex by Vehumet.
 55440 | Vaults:1 | Offered knowledge of Ignition by Vehumet.
 55440 | Vaults:1 | Offered knowledge of Maxwell's Capacitive Coupling by
                  | Vehumet.
 56497 | Vaults:2 | Identified the +5 scimitar of Igiron {freeze, rPois}
 56866 | Vaults:2 | Reached skill level 15 in Maces & Flails
 57206 | Vaults:2 | Found a staircase to the Crypt.
 58468 | Crypt:1  | Entered Level 1 of the Crypt
 59009 | Vaults:3 | Reached XP level 21. HP: 145/164 MP: 11/39
 59288 | Vaults:3 | Found Xeaqauze's Antique Weapon Boutique.
 59781 | Vaults:3 | Found Viclaus's Distillery.
 59790 | Vaults:3 | Bought a potion of curing for 36 gold pieces
 59790 | Vaults:3 | Bought a potion of curing for 36 gold pieces
 59790 | Vaults:3 | Bought a potion of curing for 36 gold pieces
 59790 | Vaults:3 | Bought a potion of curing for 36 gold pieces
 59803 | Vaults:3 | Found Ysug's Distillery.
 59811 | Vaults:3 | Bought a potion of curing for 60 gold pieces
 59811 | Vaults:3 | Bought a potion of curing for 60 gold pieces
 59811 | Vaults:3 | Bought a potion of curing for 60 gold pieces
 59811 | Vaults:3 | Bought a potion of curing for 60 gold pieces
 59811 | Vaults:3 | Bought a potion of heal wounds for 100 gold pieces
 60325 | Vaults:3 | Reached skill level 15 in Invocations
 60369 | Vaults:3 | Killed from afar by a crystal guardian

Illustrated notes

Levels and vault maps discovered:
D:1:      nagdon_arrival_double_spiral, layout_basic, serial_shops, shop
D:2:      layout_loops_cross, shapermc_ecumenical_altar_petra
D:3:      layout_loops_corners, elyvilon_altar_1, mainiacjoe_overflow_brackets,
          minmay_misc_feat_iff, minmay_mini_jars
D:4:      layout_layer_cave, evilmike_ruin_ashenzari, mainiacjoe_overflow_paths,
          general_overflow_altar, uniq_menkaure, uniq_pikel, uniq_eustachio
D:5:      layout_loops_ring, makhleb_heckhound_becter
D:6:      layout_loops_cross, mainiacjoe_overflow_alcove_2,
          minmay_temple_entry_mist
D:7:      layout_rooms, xom_confusion_cloud, kennysheep_mini_moat
D:8:      layout_cave_pods, nicolae_dithmenos_the_darkroom, serial_shops,
          nicolae_take_the_stairs, minmay_unpleasant_kobolds, uniq_harold,
          uniq_erica
D:9:      layout_long_grid, nicolae_wu_jian_glorious_leap,
          mainiacjoe_overflow_surrounded_room, hellmonk_ghost_happy_afterlife,
          hex_tiny, item_on_display_b, uniq_grum
D:10:     layout_cave_pods, erik_lair_orcish_takeover, hiddenorc1_lemuel,
          st_stairs_1
D:11:     layout_cave_pools, zin_treasury
D:12:     layout_basic, gauntlet_entry_generic
D:13:     layout_irregular_city, erik_vaults_2, uniq_nessos, uniq_sonja
D:14:     layout_cave_pools, nicolae_vehumet_radiance,
          kennysheep_opposing_triangles
D:15:     hangedman_depths_entry_civil_slaughter, layout_loops_cross,
          fedhas_altar_1
Temple:   eino_temple_lava
Lair:1:   layout_chaotic_city
Lair:2:   layout_chaotic_city, minmay_snake_entry_guardpost_medium
Lair:3:   layout_cave_pods, minmay_shoals_entry_beasts, lemuel_fruit_tree,
          grunt_megastairs_2, uniq_snorg
Lair:4:   layout_cave_shapes, basic_altar, grunt_megastairs_5, uniq_kirke
Lair:5:   layout_gridlike, minmay_slime_entry_jelly_boxes, lemuel_fruit_fields
Lair:6:   due_jungle_book, layout_loops_ring, dpeg_oklob_1
Shoals:1: layout_shoals, nicolae_shoals_beach_cooler
Shoals:2: layout_shoals, uniq_ilsuiw, uniq_polyphemus
Shoals:3: layout_shoals, nicolae_shoals_aquamancer_cove, uniq_donald,
          uniq_roxanne
Shoals:4: shoals_end_grunt_ice, layout_shoals
Snake:1:  layout_basic, serial_shops, shop_fountains, special_room,
          ebering_ghost_reflecting_pool, nicolae_shop_gadgets, uniq_louise
Snake:2:  layout_layer_cave, serial_shops,
          nicolae_shop_temple_entry_statues_fountains, uniq_vashnia,
          uniq_saint_roka
Snake:3:  layout_rooms, serial_shops, shop, nicolae_snake_naga_rites
Snake:4:  johnstein_snake_rune_scales, layout_chambers, special_room,
          uniq_asterion
Slime:1:  layout_caves
Orc:1:    layout_caves, uniq_nergalle
Orc:2:    pf_orc_diabolical, layout_diamond_mine, serial_shops,
          nicolae_shop_window_shopping, mines2_david
Vaults:1: vaults_room_grunt_arrival_checkpoint, v_misc_29,
          nicolae_vaults_windows_and_doors_thing, vaults_mumra_hexcomb,
          vaults_room_semicircle, vaults_room_door_ring, ontoclasm_vaults_fault,
          vaults_dpeg_encased_lava, vaults_dpeg_diagonal, grunt_vaults_diagonal,
          vaults_room_guarded_vault, layout_vaults_omnigrid, serial_shops,
          shop_coins
Vaults:2: v_misc_2, hangedman_vaults_maws, hangedman_vaults_nails,
          nicolae_vaults_network_periphery, nicolae_vaults_hallways_thing,
          nicolae_vaults_holding_cells, ontoclasm_vaults_eye, serial_ice_h,
          vaults_standard_mumra_enter_the_diamond, vaults_room_pool,
          layout_vaults_chaotic_city
Vaults:3: special_room_vaults [special_room_orc], nicolae_vaults_big_ls,
          ontoclasm_vaults_loading_screen, v_alt_pattern_2,
          nicolae_vaults_little_squares_2, ontoclasm_vaults_hangar,
          ontoclasm_vaults_gateway, hangedman_vaults_capsules,
          nicolae_vaults_ninety_degrees, vaults_room_fancy_cross, v_misc_3,
          vaults_standard_mumra_lines, v_misc_13, vaults_dpeg_hooks,
          nicolae_vaults_shelves_hall, vaults_room_large_hall,
          layout_vaults_omnibox, serial_shops, nicolae_square_shop, shop, shop,
          shop
Vaults:4: vaults_mumra_hex, v_misc_8, ontoclasm_vaults_shuriken,
          vaults_room_octagon, nicolae_vaults_network_star,
          vaults_room_hangedman_quadrants, hangedman_vaults_river_flow,
          hangedman_vaults_restitches, vaults_mumra_lcd, v_alt_pattern_2,
          layout_vaults_ring, serial_shops, nicolae_shop_behind_doors
Crypt:1:  layout_rooms, grunt_crypt_arrival_webbed

Skill      XL: |  1  2  3  4  5  6  7  8  9 10 11 12 13 14 15 16 17 18 19 20 21 |
---------------+----------------------------------------------------------------+-----
Spellcasting   | 5 6 7 8 9 10 11 12 13 14 | 14.6
Invocations    | 1 2 3 4 5 6 7 8 9 10 11 12 13 14 15 | 15.0
Fighting       | 1 2 3 5 6 7 8 9 10 11 12 13 | 13.9
Short Blades   | 1 2 3 5 6 7 8 9 10 11 12 13 | 13.9
Long Blades    | 1 2 3 5 6 7 8 9 10 11 12 13 | 13.9
Axes           | 1 2 3 5 6 7 8 9 10 11 12 13 | 13.9
Maces & Flails | 1 2 3 5 6 7 8 9 10 11 12 13 14 15 | 15.7
Polearms       | 1 2 3 5 6 7 8 9 10 11 12 13 | 13.9
Staves         | 1 2 3 5 6 7 8 9 10 11 12 13 | 13.9
Slings         | 1 2 3 5 6 7 8 9 10 11 12 13 | 13.9
Bows           | 1 2 3 5 6 7 8 9 10 11 12 13 | 13.9
Crossbows      | 1 2 3 5 6 7 8 9 10 11 12 13 | 13.9
Throwing       | 1 2 3 5 6 7 8 9 10 11 12 13 | 13.9
Armour         | 1 2 3 5 6 7 8 9 10 11 12 13 | 13.9
Shields        | 1 2 3 5 6 7 8 9 10 11 12 13 | 13.9
Unarmed Combat | 1 2 3 5 6 7 8 9 10 11 12 13 | 13.9
Evocations     | 1 2 3 5 6 7 8 9 10 11 12 13 | 13.9
Hexes          | 1 2 3 4 5 6 7 8 9 10 11 12 | 12.0
Summonings     | 1 2 3 4 5 6 7 8 9 10 11 12 | 12.0
Necromancy     | 1 2 3 4 5 6 7 8 9 10 11 12 | 12.0
Translocations | 1 2 3 4 5 6 7 8 9 10 11 12 | 12.0
Transmutations | 1 2 3 4 5 6 7 8 9 10 11 12 | 12.0
Fire Magic     | 1 2 3 4 5 6 7 8 9 10 11 12 | 12.0
Ice Magic      | 1 2 3 4 5 6 7 8 9 10 11 12 | 12.0
Air Magic      | 1 2 3 4 5 6 7 8 9 10 11 12 | 12.0
Earth Magic    | 1 2 3 4 5 6 7 8 9 10 11 12 | 12.0
Poison Magic   | 1 2 3 4 5 6 7 8 9 10 11 12 | 12.0
Dodging        | 5 6 7 8 9 10 11 12 13 14 | 14.5
Stealth        | 5 6 7 8 9 10 11 12 13 14 | 14.4
Conjurations   | 8 9 10 11 12 13 | 13.6

Action                   |  1- 3 |  4- 6 |  7- 9 | 10-12 | 13-15 | 16-18 | 19-21 || total
-------------------------+-------+-------+-------+-------+-------+-------+-------++-------
Melee: Staff             |       |       |     5 |    40 |    45 |    16 |     9 ||   115
       Dagger            |       |       |     1 |     4 |     3 |     3 |       ||    11
       Bite              |       |       |       |     2 |     6 |     1 |       ||     9
       Short sword       |       |       |       |       |    30 |     2 |       ||    32
       Unarmed           |       |       |       |       |     1 |       |       ||     1
 Cast: Magic Dart        |    60 |    45 |    73 |   105 |   139 |    21 |     2 ||   445
       Searing Ray       |     3 |     9 |    46 |    79 |   113 |    13 |     2 ||   265
       Fulminant Prism   |       |       |       |    64 |   266 |   196 |   135 ||   661
       Iskenderun's Myst |       |       |       |    29 |    88 |    65 |    31 ||   213
       Sublimation of Bl |       |       |       |       |     3 |    43 |    53 ||    99
       Iron Shot         |       |       |       |       |       |   265 |   338 ||   603
       Starburst         |       |       |       |       |       |     4 |     1 ||     5
       Spellforged Servi |       |       |       |       |       |    40 |    28 ||    68
       Summon Lightning  |       |       |       |       |       |       |    10 ||    10
 Abil: Evoke Invisibilit |       |       |       |       |       |     1 |       ||     1
Evoke: Wand              |       |       |       |       |     4 |     2 |       ||     6
       Box of beasts     |       |       |       |       |     1 |       |       ||     1
       Lightning rod     |       |       |       |       |       |     4 |       ||     4
  Use: Scroll            |       |       |       |     5 |    11 |    11 |     1 ||    28
       Potion            |       |       |       |     1 |     2 |       |       ||     3
 Stab: Sleeping          |       |       |     1 |     2 |       |     5 |     1 ||     9
Armor: Robe              |     1 |     1 |     4 |    13 |    41 |    29 |     8 ||    97
Dodge: Dodged            |     1 |     6 |    40 |   133 |   172 |   152 |    72 ||   576
Block: Buckler           |       |       |       |    37 |    75 |   114 |    56 ||   282
       Reflection        |       |       |       |       |    18 |    61 |    30 ||   109
